 Dungeon Crawl Stone Soup version 0.15.2 (webtiles) character file.

47033 Monsterracer the Spear-Bearer (level 14, -9/122 HPs)
             Began as a Grey Draconian Death Knight on Feb 3, 2018.
             Was a High Priest of Yredelemnul.
             Mangled by a sun demon (18 damage)
             ... summoned by an orc high priest
             ... on Level 4 of the Orcish Mines on Feb 4, 2018.
             The game lasted 01:11:42 (23764 turns).

Monsterracer the Spear-Bearer (DrDK)               Turns: 23764, Time: 01:11:42

HP  -9/122       AC 20     Str 17      XL: 14   Next:  7%
MP   1/28        EV 20     Int 11      God: Yredelemnul [*****.]
Gold 1556        SH  0     Dex 19      Spells:  1 memorised, 12 levels left

rFire  . . .     SeeInvis .     b - +1 demon trident (venom)
rCold  . . .     Clarity  .     (armour unavailable)
rNeg   . . .     rCorr    .     (no shield)
rPois  +         rRot     .     K - +1 hat
rElec  .         Spirit   .     M - +1 cloak
SustAb .         Warding  .     I - +1 pair of gloves
rMut   .         Stasis   .     e - +1 pair of boots
Gourm  .                        f - amulet of rage
MR     +....                    z - ring of Pnuyngox {rPois Stlth+}
                                h - +4 ring of dexterity

@: somewhat resistant to hostile enchantments, stealthy
A: walk through water, unfitting armour, beak, unbreathing, cold-blooded, AC +13
a: Animate Dead, Recall Undead Slaves, Injury Mirror, Drain Life, Enslave Soul,
Renounce Religion, Evoke Berserk Rage


You were on level 4 of the Orcish Mines.
You worshipped Yredelemnul.
Yredelemnul was extremely pleased with you.
You were very hungry.

You visited 3 branches of the dungeon, and saw 22 of its levels.
You also visited: Ossuary.

You collected 1881 gold pieces.
You spent 325 gold pieces at shops.

Inventory:

Hand weapons
 a - a +4 glaive of electrocution
 b - a +1 demon trident of venom (weapon)
Missiles
 y - 2 throwing nets (quivered)
Armour
 e - a +1 pair of boots (worn)
 I - a +1 pair of gloves (worn)
 K - a +1 hat (worn)
 M - a +1 cloak (worn)
Magical devices
 t - a wand of lightning (4)
 v - a wand of digging (21)
 F - a wand of disintegration (15)
 J - a wand of draining (8)
 V - a wand of cold (5)
Comestibles
 c - 6 bread rations
 g - 17 royal jellies
 i - 7 meat rations
 r - 28 fruits
 C - a chunk of orc flesh
 H - a slice of pizza
Scrolls
 j - 6 scrolls of fear {!r}
 m - 3 scrolls of blinking
 q - 9 scrolls of remove curse
 O - 3 scrolls of magic mapping {!r}
 Q - 4 scrolls of teleportation
 R - a scroll of amnesia
 U - a scroll of fog
Jewellery
 f - an amulet of rage (around neck)
 h - a +4 ring of dexterity (left hand)
 k - an uncursed ring of protection from cold {!d}
 o - an uncursed amulet of stasis
 z - the ring of Pnuyngox (right hand) {rPois Stlth+}
   (You found it on level 6 of the Lair of Beasts)

   [ring of stealth]

   It protects you from poison.
   It makes you more stealthy.
 B - an uncursed ring of see invisible
 E - an uncursed ring of teleportation
Potions
 d - a potion of heal wounds
 l - 2 potions of restore abilities
 n - 5 potions of might
 p - 3 potions of brilliance
 s - 2 potions of curing
 u - 2 potions of invisibility
 w - a potion of porridge
 A - 3 potions of cancellation
 D - 2 potions of mutation {!q}
 G - a potion of resistance
 N - a potion of berserk rage {!q}
 S - a potion of cure mutation {unknown}
Miscellaneous
 L - a box of beasts
 P - a stone of tremors
 W - a lamp of fire


   Skills:
 + Level 10.9 Fighting
 * Level 13.9 Polearms
 + Level 9.5 Dodging
 + Level 6.8 Stealth
 + Level 11.4 Invocations
 + Level 9.3 Evocations


You had 12 spell levels left.
You knew the following spells:

 Your Spells              Type           Power        Failure   Level  Hunger
a - Summon Butterflies    Summ           #.......     34%         1    ##.....


Dungeon Overview and Level Annotations

Branches:
Dungeon (12/15)            Temple (0/1) D:5             Orc (4/4) D:11
   Lair (6/8) D:11          Swamp (0/5) Lair:5        Snake (0/5) Lair:5
    Elf: Orc:3-4      Slime: Lair:6-8

Altars:
Cheibriados
Elyvilon
Fedhas
Kikubaaqudgha
Makhleb
Nemelex Xobeh
Qazlal
Sif Muna
Trog
Vehumet
Yredelemnul
The Shining One
Beogh

Shops:
D:7 =   Orc:4 (

Annotations:
D:12 Urug


Innate Abilities, Weirdness & Mutations

You can walk through water.
Your dull iron-grey scales are very hard (AC +13).
Your body does not fit into most forms of armour.
You can survive without breathing.
Your cold-blooded metabolism reacts poorly to cold.
You have a beak for a mouth.


Message History

The ufetubus barely misses your orc zombie.
The ufetubus hits your orc zombie but does no damage.
The orc high priest invokes the aid of Beogh against you.
Something smites you!
The orc warrior hits your orc zombie with a halberd.
Your vampire points at the ufetubus and mumbles some strange words.
The ynoxinul hits your vampire.
Your skeletal warrior hits the orc warrior with a hand axe!
Your skeletal warrior hits the ynoxinul with a hand axe.
The ynoxinul dies!
You take 12 damage, and have 67/122 hp.
You now have 6/28 mp.
You swap places.
An orc comes into view.
The ufetubus disappears in a puff of smoke! x2
The orc warrior hits you with a flail!
* * * LOW HITPOINT WARNING * * *
The orc high priest prays to Beogh.
The orc warrior hits the sun demon with a mace!!
The orc high priest hits you but does no damage.
The ufetubus completely misses you. The ufetubus hits you.
* * * LOW HITPOINT WARNING * * *
The orc warrior hits you from afar with a halberd!
* * * LOW HITPOINT WARNING * * *
Something hits the orc warrior but does no damage.
Something bites the orc warrior.
Something draws strength from the orc warrior's injuries!
An orc warrior comes into view. It is wielding a glaive.
Items here: ( )) [ a short sword; 3 tomahawks; a trident; a plate armour You take 24 damage, and have 43/122 hp.
Use which ability? (? or * to list)
You draw life from your surroundings.
You draw life from the orc high priest.
The orc high priest is moderately wounded.
You draw life from the orc warrior.
The orc warrior is heavily wounded.
You draw life from the orc warrior.
The orc warrior is moderately wounded.
You draw life from the orc warrior.
The orc warrior is severely wounded.
You draw life from the orc warrior.
The orc warrior is severely wounded.
You draw life from the orc high priest.
The orc high priest is moderately wounded.
You draw life from the orc warrior.
The orc warrior is moderately wounded.
You draw life from the orc.
The orc is severely wounded.
You feel life flooding into your body.
You feel somewhat more hungry.
The ynoxinul disappears in a puff of smoke!
The ufetubus disappears in a puff of smoke! x2
The sun demon hits your orc zombie!
Your orc zombie is engulfed in flames!
The orc high priest hits something with a short sword.
Your orc zombie misses the orc warrior.
Your orc zombie hits the sun demon but does no damage.
Your orc zombie hits the orc high priest but does no damage.
The orc warrior misses you.
Your orc zombie misses the orc high priest.
The orc warrior barely misses the sun demon.
Your vampire looks at you.
The orc high priest hits you from afar with a trident.
The orc warrior hits you from afar with a halberd.
* * * LOW HITPOINT WARNING * * *
The sun demon hits your orc zombie.
Your orc zombie is engulfed in flames!!
Your orc zombie is destroyed!
Something hits the orc high priest.
Something barely misses the orc high priest.
You regained 15 hp, and now have 58/122 hp.
You now have 0/28 mp.
Use which ability? (? or * to list)
Okay, then.
Eat one of 2 chunks of orc flesh? (ye/n/q/i?) Eat which item? (? for menu, Esc to quit)
Okay, then.
Eat one of 2 chunks of orc flesh? (ye/n/q/i?) This raw flesh tastes terrible.
You are feeling very hungry.
The ufetubus disappears in a puff of smoke!
The orc high priest hits something but does no damage.
The orc warrior closely misses you.
The orc warrior hits the orc warrior with a mace.
The sun demon misses you.
The orc warrior hits you from afar with a glaive.
* * * LOW HITPOINT WARNING * * *
The orc high priest hits you but does no damage.
Your orc zombie hits the orc high priest but does no damage.
Something closely misses the orc high priest. x2
Your orc zombie hits the orc high priest with a glaive!
You continue eating.
The orc warrior barely misses you.
The orc high priest invokes the aid of Beogh against you.
Something smites you!
* * * LOW HITPOINT WARNING * * *
The sun demon hits you!
* * * LOW HITPOINT WARNING * * *
You are engulfed in flames!!
* * * LOW HITPOINT WARNING * * *
The sun demon hits you!!
You die...
Your body rises from the dead as a mindless zombie.

####### .## ###.....###
....## ###.........##
..§Z# ##...........).
.)o###ZZ.......)...)
#.#.#.#o#z#Z#Z#)#.#.#.#.#
....o§o3@VZZZZ.Z)))......
.....§)3#Z#ZZZZZ).......)
....4ooVnZZZZZ...)......
.#.#.#o#Z#Z#Z#.#.#.#.#.#
...o..Z###ZZ.......)....
.....# ##Z............
..## ###.........##
###.....### #####


You could see 2 orc high priests, 2 sun demons, an iron devil, 5 orc warriors,
an orc, a friendly ghoul, a friendly skeletal warrior, a friendly vampire, 23
friendly orc zombies and a friendly ogre zombie.

Vanquished Creatures
  Gastronok (D:9)
  Fannar (D:11)
  A hydra (Lair:3)
  11 death yaks
  2 deep trolls (Orc:2)
  2 hill giants
  An orc sorcerer (Orc:4)
  2 orc knights
  A cyclops (D:12)
  An ugly thing (D:12)
  A manticore (D:11)
  An elephant (Lair:6)
  Maurice (D:12)
  Joseph (D:10)
  7 spiny frogs
  4 komodo dragons
  A kobold demonologist (D:12)
  5 trolls
  2 fire drakes
  A giant leech (Lair:5)
  A two-headed ogre (Orc:2)
  A queen bee (Lair:2)
  5 blink frogs
  5 basilisks
  A shadow (D:12)
  13 yaks
  A wyvern (D:9)
  3 wraiths
  Grum (D:10)
  4 vampire mosquitoes (D:12)
  A hungry ghost (D:11)
  6 hippogriffs
  2 wargs
  7 porcupines
  12 wolves
  10 water moccasins
  A swamp worm (Lair:5)
  A tengu skeleton (D:12)
  A necrophage (D:10)
  4 nagas (Lair:5)
  3 phantoms
  A yellow wasp (D:10)
  2 ice beasts
  2 sky beasts
  A black bear (D:9)
  16 orc warriors
  11 ogres
  3 centaurs
  A big kobold (D:10)
  8 crocodiles
  A gnoll sergeant (D:8)
  10 giant frogs
  2 scorpions
  2 vampire bats (Lair:2)
  A hippogriff skeleton (D:11)
  30 killer bees
  6 wights
  2 crimson imps
  8 hounds
  A quasit (D:10)
  A centaur zombie (D:9)
  A giant frog skeleton (D:4)
  3 jellies
  23 orc priests
  A centaur skeleton (D:8)
  8 iguanas
  Natasha (twice) (D:3)
  13 orc wizards
  7 worker ants
  19 sheep
  A crocodile skeleton (D:6)
  8 gnolls
  An orc skeleton (D:5)
  10 green rats
  A shadow imp (D:7)
  2 giant mites
  19 adders
  An inept feature mimic (D:2)
  2 worms (D:2)
  An adder zombie (Ossuary)
  5 giant geckos
  An ooze (D:3)
  108 orcs
  17 bats
  2 bat skeletons
  5 giant cockroaches
  18 hobgoblins
  4 jackals (D:5)
  3 ball pythons
  2 ball python skeletons (Ossuary)
  7 giant newts
  10 goblins
  A hobgoblin skeleton (Ossuary)
  3 hobgoblin zombies (Ossuary)
  A jackal skeleton (D:6)
  20 kobolds
  2 kobold zombies (Ossuary)
  2 orc zombies
  13 quokkas
  10 rats
  A butterfly (Lair:3)
  A fungus (Lair:5)
598 creatures vanquished.

Vanquished Creatures (collateral kills)
  Saint Roka (Orc:4)
  A hydra (Lair:2)
  An orc high priest (Orc:4)
  A death yak (Lair:6)
  3 orc knights (Orc:4)
  An oklob plant (Lair:1)
  A sixfirhy (Orc:4)
  An ugly thing (D:12)
  3 elephants (Lair:6)
  2 orc sorcerers
  2 spiny frogs
  A troll (Orc:4)
  Sonja (Orc:3)
  4 blink frogs
  A giant leech (Lair:5)
  2 basilisks
  A ynoxinul (Orc:4)
  A hungry ghost (D:8)
  4 wolves
  7 orc warriors (Orc:4)
  A swamp worm (Lair:5)
  4 water moccasins
  A porcupine (Lair:2)
  4 ogres
  2 giant frogs
  A wight (D:9)
  A killer bee (D:12)
  A crimson imp (D:9)
  2 hounds
  5 orc wizards
  5 orc priests
  2 iguanas
  A sheep (Lair:2)
  2 green rats (Lair:5)
  3 adders
  A shadow imp (D:5)
  An ufetubus (Orc:4)
  27 orcs
  3 hobgoblins
  A kobold (D:8)
  A quokka (D:8)
  A bat (D:4)
  4 goblins
  A goblin zombie (Orc:1)
  3 rats
  A bush (Lair:1)
  2 plants
120 creatures vanquished.

Vanquished Creatures (others)
  2 skeletal warriors (Orc:4)
  A flayed ghost (Lair:6)
  A death yak zombie (Lair:6)
  2 vampires
  A trapdoor spider (D:9)
  A blink frog zombie (Lair:6)
  A water moccasin zombie (Lair:6)
  A yak zombie (Lair:4)
  3 wights
  A giant frog zombie (D:12)
  9 killer bee zombies
  An ogre zombie (Orc:4)
  A hound zombie (D:5)
  A big kobold zombie (D:10)
  A necrophage skeleton (D:10)
  3 mummies
  2 orc skeletons
  A giant mite (D:9)
  2 adder zombies
  An iguana zombie (Lair:6)
  6 sheep zombies
  4 bat zombies
  2 green rat zombies
  A kobold (D:10)
  A giant mite zombie (D:4)
  A jackal zombie (D:5)
  3 kobold zombies
  20 orc zombies
  A quokka zombie (Lair:5)
  A rat zombie (D:5)
  2 butterflies (D:4)
  3 fungi (Lair:6)
  A plant (D:1)
82 creatures vanquished.

Grand Total: 800 creatures vanquished

Notes
Turn   | Place    | Note
--------------------------------------------------------------
     0 | D:1      | Monsterracer, the Draconian Death Knight, began the quest for the Orb.
     0 | D:1      | Reached XP level 1. HP: 17/17 MP: 2/2
   419 | D:1      | Reached XP level 2. HP: 22/24 MP: 3/3
   717 | D:1      | HP: 12/24 [adder (1)]
   721 | D:1      | Acquired Yredelemnul's second power
   723 | D:1      | HP: 6/25 [poisoned by an adder]
   731 | D:1      | HP: 4/25 [poisoned by an adder]
   956 | D:2      | Reached XP level 3. HP: 26/30 MP: 5/5
  1146 | D:1      | HP: 4/30 [gnoll/halberd (14)]
  1398 | D:2      | HP: 15/30 [inept staircase mimic (3)]
  1743 | D:2      | HP: 15/30 [poisoned by an adder]
  1748 | D:2      | HP: 14/30 [poisoned by an adder]
  1755 | D:2      | HP: 12/30 [poisoned by an adder]
  1763 | D:2      | HP: 11/30 [poisoned by an adder]
  2078 | D:2      | HP: 9/30 [worm (11)]
  2083 | D:2      | Reached XP level 4. HP: 11/37 MP: 6/6
  2825 | D:3      | Noticed Natasha
  2830 | D:3      | Killed Natasha
  2830 | D:3      | Reached skill level 4 in Polearms
  2837 | D:3      | HP: 19/38 [adder (1)]
  2841 | D:3      | Reached XP level 5. HP: 14/45 MP: 8/8
  2844 | D:3      | HP: 13/45 [poisoned by an adder]
  3336 | D:3      | Noticed Natasha
  3340 | D:3      | Killed Natasha
  3375 | D:3      | Found a burning altar of Makhleb.
  3543 | D:4      | Found a white marble altar of Elyvilon.
  3638 | D:4      | Found a bloodstained altar of Trog.
  3678 | D:4      | Reached XP level 6. HP: 41/51 MP: 10/10
  3765 | D:4      | HP: 24/51 [worker ant (8)]
  3770 | D:4      | HP: 22/51 [poisoned by a worker ant]
  3778 | D:4      | HP: 21/51 [poisoned by a worker ant]
  3785 | D:4      | HP: 20/51 [poisoned by a worker ant]
  4017 | D:4      | Noticed an ogre
  4027 | D:4      | Killed an ogre
  4027 | D:4      | Reached skill level 5 in Polearms
  4048 | D:4      | Gained mutation: You have a beak for a mouth. [potion of beneficial mutation]
  4052 | D:4      | Noticed an orc warrior
  4285 | D:4      | Acquired Yredelemnul's third power
  4605 | D:4      | HP: 25/52 [orc priest/divine providence (12)]
  4610 | D:4      | HP: 18/52 [orc wizard/magic dart (7)]
  4617 | D:4      | HP: 17/52 [worker ant (3)]
  4991 | D:4      | Killed an orc warrior
  4991 | D:4      | Your scales start taking on a dull iron-grey colour.
  4991 | D:4      | Gained mutation: You can survive without breathing. [draconian maturity]
  4991 | D:4      | Reached XP level 7. HP: 36/59 MP: 12/12
  5327 | D:5      | Entered Level 5 of the Dungeon
  5327 | D:5      | Found a snail-covered altar of Cheibriados.
  5374 | D:5      | Found a staircase to the Ecumenical Temple.
  5448 | D:5      | Reached skill level 6 in Polearms
  5547 | D:5      | Reached skill level 5 in Invocations
  5590 | D:5      | Found a sand-covered staircase.
  5617 | Ossuary  | Entered an ossuary
  5701 | Ossuary  | Noticed a flying skull
  5701 | Ossuary  | Noticed a wraith
  5707 | Ossuary  | Noticed a flying skull
  5743 | Ossuary  | Noticed a wraith
  5754 | Ossuary  | Killed a wraith
  5754 | Ossuary  | Reached XP level 8. HP: 62/67 MP: 15/15
  5790 | Ossuary  | Noticed a flying skull
  5791 | Ossuary  | Noticed a wraith
  5800 | Ossuary  | Killed a wraith
  5800 | Ossuary  | Reached skill level 5 in Fighting
  6136 | D:5      | Reached skill level 7 in Polearms
  6315 | D:5      | Received a gift from Yredelemnul
  6616 | D:6      | Found a stormy altar of Qazlal.
  6857 | D:6      | Found a sparkling altar of Nemelex Xobeh.
  6989 | D:6      | Found a sparkling altar of Nemelex Xobeh.
  7095 | D:6      | Found a blossoming altar of Fedhas.
  7725 | D:7      | Received a gift from Yredelemnul
  7877 | D:7      | Found Gafruz's Jewellery Boutique.
  8145 | D:8      | Reached skill level 8 in Polearms
  8145 | D:8      | Reached XP level 9. HP: 45/75 MP: 16/19
  8146 | D:8      | HP: 29/75 [ogre/giant spiked club (16)]
  8149 | D:8      | HP: 13/75 [ogre/giant spiked club (17)]
  8322 | D:8      | HP: 31/75 [orc warrior/battleaxe (19)]
  8580 | D:8      | Reached skill level 5 in Dodging
  8700 | D:7      | Reached skill level 1 in Evocations
  9022 | D:8      | Acquired Yredelemnul's fourth power
  9022 | D:8      | Received a gift from Yredelemnul
  9513 | D:9      | Noticed Gastronok
  9604 | D:9      | Found a radiant altar of Vehumet.
  9776 | D:9      | Found an ancient bone altar of Kikubaaqudgha.
  9882 | D:9      | Reached skill level 9 in Polearms
 10056 | D:9      | HP: 34/78 [Gastronok/the air (18)]
 10059 | D:9      | Killed Gastronok
 10059 | D:9      | Reached XP level 10. HP: 26/86 MP: 21/21
 10477 | D:9      | Found a basalt altar of Yredelemnul.
 10478 | D:9      | Noticed a profane servitor
 10482 | D:9      | Found a glowing golden altar of the Shining One.
 10483 | D:9      | Noticed an angel
 10538 | D:10     | Entered Level 10 of the Dungeon
 10546 | D:10     | Noticed a hill giant
 10581 | D:10     | Received a gift from Yredelemnul
 10587 | D:10     | HP: 43/86 [poisoned by a kobold]
 10592 | D:10     | HP: 38/86 [poisoned by a kobold]
 10597 | D:10     | HP: 35/86 [poisoned by a kobold]
 10603 | D:10     | HP: 33/86 [poisoned by a kobold]
 10608 | D:10     | HP: 32/86 [poisoned by a kobold]
 10615 | D:10     | HP: 31/86 [poisoned by a kobold]
 10623 | D:10     | HP: 31/86 [poisoned by a kobold]
 10793 | D:10     | Noticed Grum
 10798 | D:10     | HP: 42/86 [Grum/runed glaive (3)]
 10812 | D:10     | HP: 43/86 [wolf[Grum] (3)]
 10818 | D:10     | HP: 28/86 [wolf[Grum] (3)]
 10836 | D:9      | HP: 30/86 [wolf[Grum] (3)]
 11615 | D:10     | Killed Grum
 11750 | D:10     | Reached skill level 10 in Polearms
 11837 | D:10     | HP: 39/86 [orc warrior/hand axe (17)]
 11852 | D:10     | Noticed Joseph
 11852 | D:10     | HP: 35/86 [Joseph/ sling bullet (7)]
 11860 | D:10     | HP: 25/86 [Joseph/wand of magic darts (4)]
 11863 | D:10     | HP: 7/86 [Joseph/uncursed quarterstaff (10)]
 11867 | D:10     | Killed Joseph
 12229 | D:10     | Killed a hill giant
 12459 | D:10     | Reached skill level 5 in Evocations
 12595 | D:11     | Found a deep blue altar of Sif Muna.
 12782 | D:11     | Reached XP level 11. HP: 87/94 MP: 23/23
 12826 | D:11     | Found a staircase to the Orcish Mines.
 12890 | D:11     | Found a staircase to the Lair.
 12978 | D:11     | Noticed Fannar
 13084 | D:12     | Noticed a hill giant
 13090 | D:12     | Killed a hill giant
 13092 | D:12     | Noticed Urug
 13107 | D:12     | HP: 47/94 [poisoned by an adder]
 13108 | D:12     | Received a gift from Yredelemnul
 13109 | D:12     | HP: 14/94 [Urug/ poisoned javelin (15)]
 13723 | D:12     | Reached skill level 11 in Polearms
 13903 | D:12     | Learned a level 1 spell: Summon Butterflies
 13921 | D:12     | Noticed Maurice
 13936 | D:12     | Killed Maurice
 14013 | D:12     | Reached skill level 1 in Stealth
 14013 | D:12     | Received a gift from Yredelemnul
 14324 | D:11     | Killed Fannar
 14405 | D:11     | Noticed a manticore
 14416 | D:11     | Killed a manticore
 14487 | Lair:1   | Entered Level 1 of the Lair of Beasts
 14825 | Lair:1   | Got an iridescent dagger
 15403 | Lair:2   | Received a gift from Yredelemnul
 15444 | Lair:2   | HP: 47/95 [killer bee (3)]
 15449 | Lair:2   | HP: 47/95 [poisoned by a killer bee]
 15663 | Lair:2   | Reached XP level 12. HP: 100/103 MP: 25/25
 15774 | Lair:2   | Acquired Yredelemnul's fifth power
 15998 | Lair:2   | Received a gift from Yredelemnul
 16253 | Lair:2   | Noticed a five-headed hydra
 16261 | Lair:2   | Killed a five-headed hydra
 16860 | Lair:3   | Reached skill level 12 in Polearms
 17016 | Lair:3   | Noticed an eight-headed hydra
 17024 | Lair:3   | Killed an eight-headed hydra
 17408 | Lair:4   | Reached skill level 10 in Invocations
 17412 | Lair:4   | HP: 46/104 [yak (12)]
 17701 | Lair:4   | HP: 72/157 [death yak (10)]
 17707 | Lair:4   | HP: 55/157 [wolf (4)]
 17713 | Lair:4   | Reached skill level 5 in Stealth
 18532 | Lair:4   | HP: 50/106 [komodo dragon (7)]
 18536 | Lair:4   | HP: 13/106 [komodo dragon (20)]
 18539 | Lair:4   | Received a gift from Yredelemnul
 18541 | Lair:4   | HP: 11/106 [poisoned by a spiny frog]
 18547 | Lair:4   | HP: 9/106 [poisoned by a spiny frog]
 18552 | Lair:4   | HP: 9/106 [poisoned by a spiny frog]
 18553 | Lair:4   | HP: 3/106 [death yak (6)]
 18560 | Lair:4   | HP: 3/106 [poisoned by a spiny frog]
 19108 | Lair:5   | Received a gift from Yredelemnul
 19302 | Lair:5   | Found a staircase to the Snake Pit.
 19312 | Lair:5   | Reached XP level 13. HP: 107/113 MP: 27/27
 19424 | Lair:5   | Found a staircase to the Swamp.
 19703 | Lair:5   | Reached skill level 10 in Fighting
 19804 | Lair:5   | Reached skill level 13 in Polearms
 20003 | Lair:6   | Received a gift from Yredelemnul
 20148 | Lair:6   | HP: 51/113 [death yak (20)]
 20387 | Lair:6   | Found a white marble altar of Elyvilon.
 20403 | Lair:6   | Got a pitted amber ring
 20405 | Lair:6   | Identified the ring of Pnuyngox {rPois Stlth+} (You found it on level 6 of the Lair of Beasts)
 20542 | Lair:6   | HP: 84/169 [death yak (5)]
 20787 | Lair:6   | Received a gift from Yredelemnul
 21500 | Orc:1    | Entered Level 1 of the Orcish Mines
 21730 | Orc:1    | Paralysed by an orc sorcerer for 5 turns
 21809 | Orc:2    | Found a roughly hewn altar of Beogh.
 21910 | Orc:2    | Received a gift from Yredelemnul
 22049 | Orc:2    | Received a gift from Yredelemnul
 22269 | Orc:2    | Found a roughly hewn altar of Beogh.
 22820 | Orc:4    | Entered Level 4 of the Orcish Mines
 22821 | Orc:4    | Found Fyugyo's Weapon Shop.
 22822 | Orc:4    | Noticed Sonja
 22834 | Orc:3    | Received a gift from Yredelemnul
 22964 | Orc:3    | Killed Sonja
 23158 | Orc:4    | Received a gift from Yredelemnul
 23210 | Orc:4    | Bought a +1 demon trident of venom for 325 gold pieces
 23228 | Orc:4    | HP: 47/114 [orc priest/divine providence (11)]
 23232 | Orc:4    | Received a gift from Yredelemnul
 23509 | Orc:4    | Noticed Saint Roka
 23524 | Orc:4    | HP: 50/114 [orc warrior/scimitar[Saint Roka] (11)]
 23526 | Orc:4    | Received a gift from Yredelemnul
 23535 | Orc:4    | Killed Saint Roka
 23687 | Orc:4    | HP: 49/115 [orc warrior/halberd (17)]
 23688 | Orc:4    | Received a gift from Yredelemnul
 23688 | Orc:4    | Received a gift from Yredelemnul
 23700 | Orc:4    | HP: 48/115 [orc priest/divine providence (8)]
 23704 | Orc:4    | Reached XP level 14. HP: 76/122 MP: 10/28
 23713 | Orc:4    | HP: 60/122 [sixfirhy[an orc high priest] (7)]
 23761 | Orc:4    | HP: 60/122 [orc warrior/flail (8)]
 23764 | Orc:4    | HP: 27/122 [sun demon[an orc high priest] (17)]
 23764 | Orc:4    | HP: 9/122 [sun demon[an orc high priest] (18)]
 23764 | Orc:4    | Mangled by a sun demon

Action                   |  1- 3 |  4- 6 |  7- 9 | 10-12 | 13-15 || total
-------------------------+-------+-------+-------+-------+-------++-------
Melee: Spear             |   144 |    33 |       |       |       ||   177
       Halberd           |       |   163 |   362 |    83 |       ||   608
       Glaive            |       |       |       |   562 |   324 ||   886
       Trident           |       |       |       |    13 |       ||    13
       Demon trident     |       |       |       |       |    68 ||    68
Invok: Animate Remains   |       |     5 |       |       |       ||     5
       Animate Dead      |       |       |    19 |    43 |    37 ||    99
       Recall Undead Sla |       |       |     2 |       |       ||     2
       Drain Life        |       |       |       |       |     8 ||     8
 Abil: Evoke Berserk Rag |       |       |     1 |    10 |     2 ||    13
Evoke: Wand              |       |       |       |     6 |       ||     6
  Use: Potion            |     1 |     1 |       |     2 |       ||     4
       Scroll            |       |    12 |     9 |    14 |     2 ||    37
 Stab: Sleeping          |       |     2 |     4 |    19 |    21 ||    46
       Distracted        |       |       |       |     8 |     4 ||    12
       Confused          |       |       |       |       |     2 ||     2
  Eat: Chunk             |     3 |    10 |    12 |    27 |    21 ||    73
       Bread ration      |       |       |     2 |     2 |       ||     4
       Beef jerky        |       |       |       |     1 |       ||     1
       Pizza             |       |       |       |     1 |       ||     1

Vault maps used:
D:1:      roderic_crossed_star, serial_bayou, serial_bayou_ford_a,
          serial_bayou_shore_b, serial_bayou_pond_e, serial_bayou_shore_a,
          serial_bayou_shore_b, corexii_corridor_pit
D:3:      serial_park_tiny_1, makhleb_blood_cavern_becter, uniq_natasha
D:4:      elyvilon_altar_5, kennysheep_little_box, st_stairs_13
D:5:      overflow_temple_1_default, minmay_temple_entry_statues_fountains,
          first_bread, lightli_ossuary_entry_decrepit_ruins
D:6:      lemuel_crystal_altar, lemuel_doored_altar,
          nicolae_overflow_hidden_temple, nemelex_xobeh_ov_fountains_minmay
D:7:      serial_shops, shop
D:8:      minmay_misc_feat_rows
D:9:      grunt_temple_overflow_holy_war, lemuel_round_altar,
          vehumet_altar_wand_db, uniq_gastronok
D:10:     uniq_joseph, uniq_grum
D:11:     orc_0_dummy, lair_0_dummy, basic_altar, uniq_fannar
D:12:     uniq_maurice, uniq_urug
Orc:2:    trap_god_beogh, basic_altar
Orc:3:    nicolae_orc_pool_cavern, minmay_orc_barracks
Orc:4:    serial_shops, shop, st_orc_pillars, uniq_saint_roka, uniq_sonja
Lair:1:   minmay_lair_oklob_bushes
Lair:2:   special_room, roderic_batcave
Lair:3:   grunt_megastairs_1, lemuel_fruit_fields
Lair:4:   beast_lair_carwin_1, serial_bayou_shore_b, lemuel_fruit_tree
Lair:5:   minmay_swamp_entry_worms, minmay_snake_entry_guardpost_small,
          serial_bayou_pond_c, minivault_23, grunt_forest_stairs_basic
Lair:6:   basic_altar, serial_bayou_pond_c, kennysheep_basilisk_garden
Ossuary:  ossuary_due_cavern
